 Dungeon Crawl Stone Soup version 0.28.0 (webtiles) character file.

Game seed: 2321194396204542051

2726 Ablot the Magician (level 9, -2/106 HPs)
             Began as a Gnoll Warper on Feb 18, 2022.
             Was a Believer of Okawaru.
             Slain by an ogre (6 damage)
             ... in a bailey.
             The game lasted 00:26:15 (7932 turns).

Ablot the Magician (Gnoll Warper)                   Turns: 7932, Time: 00:26:16

Health: -2/106     AC: 27    Str: 14    XL:     9   Next: 67%
Magic:  19/19      EV:  2    Int: 14    God:    Okawaru [**....]
Gold:   205        SH:  7    Dex: 17    Spells: 14/21 levels left

rFire   + . .      SeeInvis .   a - +0 trident
rCold   x . .      Faith    .   E - +0 buckler {AC+3}
rNeg    . . .      Spirit   .   (armour currently unavailable)
rPois   +          Reflect  .   (helmet currently unavailable)
rElec   .          Harm     .   (cloak currently unavailable)
rCorr   .          Rampage  .   (gloves currently unavailable)
Will    .....      NoTele   +   (boots currently unavailable)
Stlth   ++++......              w - amulet of regeneration
HPRegen 1.07/turn               f - +6 ring of dexterity
MPRegen 0.16/turn               i - ring of fire

@: tree-form, heroic
A: stationary, stasis, torment immunity, boosted hp, (fangs 1), strong nose,
distributed training
a: Renounce Religion, Heroism


You were in a bailey.
You worshipped Okawaru.
Okawaru was pleased with you.
You were a tree.
You visited 2 branches of the dungeon, and saw 8 of its levels.
You also visited: Ossuary and Bailey.

You collected 324 gold pieces.
You spent 119 gold pieces at shops.

Inventory:

Hand Weapons
 a - a +0 trident (weapon)
Missiles
 d - 4 boomerangs of dispersal
 e - 151 stones
 h - 77 arrows
 k - 15 poisoned darts (quivered)
 m - 66 bolts
 M - 16 sling bullets
Armour
 b - a +0 leather armour (melded)
 v - a +0 cloak (melded)
 E - a +0 buckler of protection (worn)
 G - an orb of wrath
Magical Staves
 D - a staff of air
Jewellery
 f - a +6 ring of dexterity (left branch)
 i - a ring of fire (right branch)
 w - an amulet of regeneration (around neck)
 C - a ring of ice
Wands
 F - a wand of digging (4)
 L - a wand of flame (12)
Scrolls
 c - 5 scrolls of blinking
 j - a scroll of enchant weapon {unknown}
 n - 2 scrolls of amnesia
 p - a scroll of fear
 q - a scroll of immolation {unknown}
 r - a scroll of enchant armour {unknown}
 s - a scroll of noise {unknown}
 u - a scroll of teleportation
 x - a scroll of identify
 y - 4 scrolls of vulnerability
 B - a scroll of holy word {unknown}
 K - a scroll of summoning {unknown}
Potions
 g - 2 potions of flight
 l - 2 potions of cancellation
 o - a potion of curing
 t - 3 potions of mutation
 A - a potion of brilliance
 J - a potion of haste


   Skills:
 + Level 6.5(11.5) Fighting
 + Level 4.4(9.4) Short Blades
 + Level 4.4(9.4) Long Blades
 + Level 4.4(9.4) Axes
 + Level 4.4(9.4) Maces & Flails
 + Level 6.5(11.5) Polearms
 + Level 4.4(9.4) Staves
 + Level 4.4(9.4) Slings
 + Level 4.4(9.4) Bows
 + Level 4.4(9.4) Crossbows
 + Level 5.2(10.2) Throwing
 + Level 5.2(10.2) Armour
 + Level 6.5(11.5) Dodging
 + Level 4.4(9.4) Stealth
 + Level 4.4(9.4) Shields
 + Level 4.4(9.4) Unarmed Combat
 + Level 6.8 Spellcasting
 + Level 3.7 Conjurations
 + Level 3.7 Hexes
 + Level 3.7 Summonings
 + Level 3.7 Necromancy
 + Level 6.6 Translocations
 + Level 3.7 Transmutations
 + Level 3.7 Fire Magic
 + Level 3.7 Ice Magic
 + Level 3.7 Air Magic
 + Level 3.7 Earth Magic
 + Level 3.7 Poison Magic
 + Level 4.9 Invocations
 + Level 4.4 Evocations


You had 14 spell levels left.
You knew the following spells:

 Your Spells              Type           Power      Damage    Failure   Level
a - Blink                 Tloc           46%        N/A       1%          2
b - Slow                  Hex            60%        N/A       4%          1
c - Ensorcelled Hibernat  Hex/Ice        30%        N/A       6%          2
d - Passwall              Tmut/Erth      12%        N/A       6%          2

Your spell library contained the following spells:

 Spells                   Type           Power      Damage    Failure   Level
 Gell's Gravitas          Tloc           23%        N/A       3%          3
 Lesser Beckoning         Tloc           23%        N/A       3%          3
 Teleport Other           Tloc           23%        N/A       3%          3
 Magic Dart               Conj           60%        1d6       4%          1
 Portal Projectile        Hex/Tloc       38%        N/A       6%          3
 Confusing Touch          Hex            15%        N/A       12%         3
 Mephitic Cloud           Conj/Pois/Air  15%        N/A       12%         3
 Swiftness                Air            15%        N/A       12%         3
 Vampiric Draining        Necr           15%        2d7       12%         3
 Manifold Assault         Tloc           23%        N/A       32%         5
 Leda's Liquefaction      Hex/Erth       7%         N/A       36%         4
 Fireball                 Conj/Fire      11%        3d7       73%         5
 Iskenderun's Battlesphe  Conj           15%        2d7       73%         5
 Conjure Ball Lightning   Conj/Air       7%         3x3d6     99%         6
 Orb of Destruction       Conj           7%         9d6       100%        7
 Call Imp                 Summ           Unusable   N/A       N/A         2
 Call Canine Familiar     Summ           Unusable   N/A       N/A         3

Dungeon Overview and Level Annotations

Branches:
Dungeon (7/15)             Temple (1/1) D:5         Ossuary (visited)
 Bailey (1/1)

Altars:
Ashenzari
Elyvilon
Kikubaaqudgha
Nemelex Xobeh
Okawaru
Qazlal
Sif Muna
Trog
Uskayaw
Vehumet
Wu Jian
The Shining One

Shops:
D:3 ?

Annotations:
D:5 2 runed translucent doors, exclusion: 2 doors, lollipopman's ghost, novice OgAM
D:7 Maggie


Innate Abilities, Weirdness & Mutations

You are a tree.
Your roots penetrate the ground, keeping you stationary.
You cannot be teleported.
You are immune to unholy pain and torment.
Your maximum health is greatly increased.
Your equipment is partially melded.
((You have very sharp teeth.))
Your uncanny sense of smell can sniff out nearby items.
Your experience applies equally to all skills.


Message History

Reach: a) +0 trident
Press: ? - help, Dir - move target, f - ogre, p - ogre
Aim: an ogre, wielding a +0 halberd (fleeing, slow, about 20% to evade your +0 trident)
You reach to attack!
You hit the ogre.
Your attack snaps the ogre out of its fear.
The ogre is lightly wounded.
The ogre hits you but does no damage.
Reach: a) +0 trident
Press: ? - help, Dir - move target, f/p - ogre
Aim: an ogre, wielding a +0 halberd (lightly wounded, slow, about 20% to evade your +0 trident)
You reach to attack!
You puncture the ogre!
The ogre is moderately wounded.
Unknown command.
Reach: a) +0 trident
Press: ? - help, Dir - move target, f/p - ogre
Aim: an ogre, wielding a +0 halberd (moderately wounded, slow, about 20% to evade your +0 trident)
You reach to attack!
You hit the ogre.
The ogre is moderately wounded.
The ogre hits you from afar with a +0 halberd.
* * * LOW HITPOINT WARNING * * *
Reach: a) +0 trident
Press: ? - help, Dir - move target, f/p - ogre
Aim: an ogre, wielding a +0 halberd (moderately wounded, slow, about 20% to evade your +0 trident)
You reach to attack!
You puncture the ogre!
The ogre is severely wounded.
Unknown command.
Reach: a) +0 trident
Press: ? - help, Dir - move target, f/p - ogre
Aim: an ogre, wielding a +0 halberd (severely wounded, slow, about 20% to evade your +0 trident)
You reach to attack!
You hit the ogre but do no damage.
The ogre is severely wounded.
The ogre tries to recover its lost courage.
Reach: a) +0 trident
Press: ? - help, Dir - move target, f/p - ogre
Aim: an ogre, wielding a +0 halberd (severely wounded, slow, about 20% to evade your +0 trident)
You reach to attack!
You barely miss the ogre.
The ogre is severely wounded.
The ogre cowers, then darts away.
The ogre hits you from afar with a +0 halberd.
You die...

. ### ..
##.## ..#
##...## ..#
#.....# ..#
##.....###..#
#...∩.♣≈)≈..#
#......≈O≈..#
#......≈)≈..#
#......≈≈≈.O#
#...∩..≈≈≈..♣
##.....###..#
#..i..# #..#
##...## #.O
##.## #.


You could see 3 ogres and a spriggan.

Vanquished Creatures
  Prince Ribbit (D:7)
  Sigmund (D:3)
  A yak (D:6)
  A steam dragon (D:6)
  A sky beast (D:5)
  A necrophage (D:6)
  5 ogres
  A centaur (D:6)
  A kobold brigand (D:6)
  2 elf zombies (Ossuary)
  A bullfrog (D:7)
  A water moccasin zombie (D:6)
  3 scorpions
  A wyvern zombie (D:6)
  A wight (D:6)
  3 centaur zombies
  A jelly (D:6)
  A centaur skeleton (D:5)
  A hound (D:6)
  2 human zombies (Ossuary)
  3 orc priests
  Terence (D:3)
  4 iguanas
  4 orc wizards
  A hound skeleton (D:5)
  2 mummies (Ossuary)
  3 gnolls (D:4)
  7 adders
  2 shadow imps (D:6)
  2 ufetubi
  An adder zombie (Ossuary)
  2 dart slugs (D:4)
  20 orcs
  3 bats (D:2)
  2 endoplasms
  5 giant cockroaches
  11 goblins
  4 hobgoblins
  3 jackals (D:5)
  3 quokkas (D:2)
  10 ball pythons
  4 frilled lizards
  7 hobgoblin zombies (Ossuary)
  5 kobolds
  5 kobold zombies (Ossuary)
  14 orc zombies (Ossuary)
  3 rat zombies (Ossuary)
161 creatures vanquished.

Notes
Turn   | Place    | Note
-------+----------+-------------------------------------------
     0 | D:1      | Ablot the Gnoll Warper began the quest for the Orb.
     0 | D:1      | Reached XP level 1. HP: 20/20 MP: 6/6
   256 | D:1      | Found a faded altar of an unknown god.
   308 | D:1      | Reached XP level 2. HP: 22/26 MP: 7/7
   311 | D:1      | Learned a level 2 spell: Blink
  1166 | D:2      | Reached skill level 5 in Spellcasting
  1166 | D:2      | Reached XP level 3. HP: 23/31 MP: 7/9
  1457 | D:2      | Reached skill level 1 in Invocations
  2078 | D:3      | Found Nystrufey's Magic Scroll Shoppe.
  2099 | D:3      | Bought a scroll of identify for 28 gold pieces
  2099 | D:3      | Bought a scroll of fear for 49 gold pieces
  2358 | D:3      | Reached skill level 1 in Short Blades
  2358 | D:3      | Reached skill level 1 in Long Blades
  2358 | D:3      | Reached skill level 1 in Axes
  2358 | D:3      | Reached skill level 1 in Maces & Flails
  2358 | D:3      | Reached skill level 1 in Staves
  2358 | D:3      | Reached skill level 1 in Slings
  2358 | D:3      | Reached skill level 1 in Bows
  2358 | D:3      | Reached skill level 1 in Crossbows
  2358 | D:3      | Reached skill level 1 in Stealth
  2358 | D:3      | Reached skill level 1 in Shields
  2358 | D:3      | Reached skill level 1 in Unarmed Combat
  2358 | D:3      | Reached skill level 1 in Evocations
  2368 | D:3      | Reached XP level 4. HP: 13/38 MP: 11/11
  2753 | D:3      | Found a stormy altar of Qazlal.
  2893 | D:3      | Noticed Terence
  3038 | D:3      | Bought a scroll of teleportation for 42 gold pieces
  3227 | D:3      | Reached skill level 1 in Conjurations
  3227 | D:3      | Reached skill level 1 in Hexes
  3227 | D:3      | Reached skill level 1 in Summonings
  3227 | D:3      | Reached skill level 1 in Necromancy
  3227 | D:3      | Reached skill level 1 in Transmutations
  3227 | D:3      | Reached skill level 1 in Fire Magic
  3227 | D:3      | Reached skill level 1 in Ice Magic
  3227 | D:3      | Reached skill level 1 in Air Magic
  3227 | D:3      | Reached skill level 1 in Earth Magic
  3227 | D:3      | Reached skill level 1 in Poison Magic
  3239 | D:3      | Reached XP level 5. HP: 3/43 MP: 9/12
  3665 | D:4      | Noticed an ogre
  3679 | D:4      | Killed an ogre
  3680 | D:4      | Reached XP level 6. HP: 24/50 MP: 14/14
  4176 | D:4      | Reached skill level 5 in Fighting
  4176 | D:4      | Reached skill level 5 in Polearms
  4176 | D:4      | Reached skill level 5 in Dodging
  4402 | D:3      | Noticed Sigmund
  4482 | D:3      | Killed Sigmund
  4483 | D:3      | Reached XP level 7. HP: 25/56 MP: 15/15
  4606 | D:3      | Killed Terence
  4682 | D:5      | Entered Level 5 of the Dungeon
  5109 | D:5      | Found a runed translucent door.
  5111 | D:5      | Noticed lollipopman's ghost (novice OgAM)
  5260 | D:5      | Found a sand-covered staircase.
  5266 | Ossuary  | Entered an ossuary
  5435 | Ossuary  | Reached XP level 8. HP: 30/63 MP: 16/16
  5972 | D:5      | Found a staircase to the Ecumenical Temple.
  5978 | Temple   | Entered the Ecumenical Temple
  6187 | Temple   | Became a worshipper of Warmaster Okawaru
  6406 | D:5      | Found a runed translucent door.
  6696 | D:6      | Learned a level 1 spell: Slow
  6916 | D:6      | Noticed a yak
  6933 | D:6      | Killed a yak
  6942 | D:6      | Reached * piety under Okawaru
  6945 | D:6      | Reached XP level 9. HP: 10/69 MP: 18/18
  7546 | D:6      | Reached skill level 5 in Throwing
  7546 | D:6      | Reached skill level 5 in Armour
  7774 | D:7      | Noticed Maggie
  7828 | D:7      | Learned a level 2 spell: Ensorcelled Hibernation
  7831 | D:7      | Learned a level 2 spell: Passwall
  7834 | D:7      | Noticed Prince Ribbit
  7848 | D:7      | Killed Prince Ribbit
  7848 | D:7      | Reached ** piety under Okawaru
  7866 | D:7      | Found a flagged portal.
  7889 | Bailey   | Entered a bailey
  7925 | Bailey   | HP: 1/106 [ogre (15)]
  7932 | Bailey   | Slain by an ogre

Illustrated notes

Levels and vault maps discovered:
D:1:      giann_horns, layout_basic, basic_ecumenical_altar
D:2:      layout_basic, kennysheep_generic_room_15
D:3:      layout_basic, nicolae_qazlal_eye_of_the_storm, serial_shops, shop,
          kennysheep_cross_bottleneck, kennysheep_small_spiral, nrook_uturn,
          guppyfry_early_lair_pool, uniq_terence, uniq_sigmund
D:4:      layout_loops_ring, grunt_decor_fettered, minmay_misc_feat_room
D:5:      layout_basic, minmay_temple_entry_fiery, ebering_ghost_sewer_f,
          enter_ossuary_2, minmay_statues_item
D:6:      layout_basic, minmay_fractal_squares_5
D:7:      layout_gridville, enter_bailey_4, minmay_hollow_rounded_squares,
          uniq_prince_ribbit1, uniq_crazy_yiuf_cottage, uniq_maggie
Temple:   minmay_temple_curvy_loop
Bailey:   bailey_polearm_enchanted_keep_hellmonk, bailey

Skill      XL: |  1  2  3  4  5  6  7  8  9 |
---------------+----------------------------+-----
Spellcasting   | 5 6 |  6.8
Invocations    | 1 2 3 4 |  4.9
Short Blades   | 1 2 3 4 |  4.4
Long Blades    | 1 2 3 4 |  4.4
Axes           | 1 2 3 4 |  4.4
Maces & Flails | 1 2 3 4 |  4.4
Staves         | 1 2 3 4 |  4.4
Slings         | 1 2 3 4 |  4.4
Bows           | 1 2 3 4 |  4.4
Crossbows      | 1 2 3 4 |  4.4
Stealth        | 1 2 3 4 |  4.4
Shields        | 1 2 3 4 |  4.4
Unarmed Combat | 1 2 3 4 |  4.4
Evocations     | 1 2 3 4 |  4.4
Conjurations   | 1 2 3 |  3.7
Hexes          | 1 2 3 |  3.7
Summonings     | 1 2 3 |  3.7
Necromancy     | 1 2 3 |  3.7
Transmutations | 1 2 3 |  3.7
Fire Magic     | 1 2 3 |  3.7
Ice Magic      | 1 2 3 |  3.7
Air Magic      | 1 2 3 |  3.7
Earth Magic    | 1 2 3 |  3.7
Poison Magic   | 1 2 3 |  3.7
Throwing       | 3 4 5 |  5.2
Armour         | 3 4 5 |  5.2
Fighting       | 5 6 |  6.5
Polearms       | 5 6 |  6.5
Dodging        | 5 6 |  6.5
Translocations | 6 |  6.6

Action                   |  1- 3 |  4- 6 |  7- 9 || total
-------------------------+-------+-------+-------++-------
Melee: Spear             |   151 |       |       ||   151
       Bite              |    11 |    16 |    71 ||    98
       Punch             |     1 |     1 |    16 ||    18
       Trident           |       |   115 |   534 ||   649
Throw: Dart              |       |     6 |     7 ||    13
       Boomerang         |       |     1 |       ||     1
 Cast: Blink             |       |     3 |     4 ||     7
       Slow              |       |       |     9 ||     9
Invok: Heroism           |       |       |     2 ||     2
  Use: Scroll            |     1 |     3 |     8 ||    12
       Potion            |       |       |     2 ||     2
 Stab: Sleeping          |     5 |     2 |     7 ||    14
Armor: Leather armour    |    30 |    17 |    95 ||   142
       Skin              |       |       |     9 ||     9
Dodge: Dodged            |    67 |    56 |   317 ||   440
Block: Buckler           |       |       |    27 ||    27
